 Dungeon Crawl Stone Soup version 0.31-a0-343-g456c268693 (webtiles) character file.

Game seed: 7983256871191680514

2024 AdnanSaban the Cudgeller (level 9, -7/55 HPs)
             Began as a Gargoyle Fighter on July 21, 2023.
             Killed from afar by a steam dragon (16 damage)
             ... with a ball of steam
             ... on level 7 of the Dungeon.
             The game lasted 00:09:07 (5231 turns).

AdnanSaban the Cudgeller (Gargoyle Fighter)         Turns: 5231, Time: 00:09:08

Health: -7/55      AC: 17    Str: 25    XL:     9   Next: 23%
Magic:  0/9        EV:  8    Int:  8    God:
Gold:   451        SH:  9    Dex:  9    Spells: 8/8 levels left

rFire   . . .        a - +0 flail
rCold   . . .        o - +0 kite shield
rNeg    + . .        C - +0 chain mail
rPois   ∞            k - +1 hat
rElec   +            (no cloak)
rCorr   .            (no gloves)
SInv    +            (no boots)
Will    .....        f - amulet of guardian spirit Stlth
                     r - ring of flight
HPRegen 0.29/turn    t - ring of see invisible
MPRegen 0.11/turn

%: guardian spirit
@: flying
A: sickness immunity, AC +6, negative energy resistance 1, electricity
resistance, torment resistance 1, petrification resistance
a: no special abilities


You were on level 7 of the Dungeon.
You visited 2 branches of the dungeon, and saw 8 of its levels.

You collected 451 gold pieces.

Inventory:

Hand Weapons
 a - a +0 flail (weapon)
Armour
 k - a +1 hat (worn)
 o - a +0 kite shield (worn)
 C - a +0 chain mail (worn)
Jewellery
 f - an amulet of guardian spirit (around neck)
 r - a ring of flight (left hand)
 t - a ring of see invisible (right hand)
 u - a ring of fire
Wands
 q - a wand of light (7)
 x - a wand of iceblast (9)
Scrolls
 g - 3 scrolls of amnesia {unknown}
 i - 4 scrolls of fear {unknown}
 j - 2 scrolls of enchant weapon {unknown}
 l - 4 scrolls of identify {unknown}
 n - a scroll of poison {unknown}
 p - a scroll of enchant armour {unknown}
 y - a scroll of blinking {unknown}
 z - a scroll of fog {unknown}
 B - a scroll of torment {unknown}
Potions
 c - a potion of ambrosia {unknown}
 d - 2 potions of might
 e - a potion of haste {unknown}
 h - a potion of brilliance {unknown}
 m - 3 potions of curing {unknown}
 s - a potion of magic {unknown}
 v - 3 potions of heal wounds {unknown}
 w - a potion of mutation {unknown}
 A - a potion of invisibility {unknown}


   Skills:
 + Level 5.8 Fighting
 + Level 7.3 Maces & Flails
 + Level 6.4 Armour
 + Level 2.8 Dodging
 + Level 6.9 Shields


You had 8 spell levels left.
You didn't know any spells.
Your spell library contained the following spells:

 Spells                   Type           Power      Damage    Failure   Level
 Sandblast                Erth           0%         2d4       98%         1
 Lesser Beckoning         Tloc           0%         N/A       99%         2
 Passwall                 Tmut/Erth      0%         N/A       99%         2
 Wereblood                Tmut           0%         N/A       99%         2
 Gell's Gravitas          Tloc           0%         N/A       100%        3
 Stone Arrow              Conj/Erth      0%         3d7       100%        3
 Teleport Other           Tloc           0%         N/A       100%        3
 Dispel Undead            Necr           0%         3d6       100%        4
 Death Channel            Necr           0%         N/A       100%        6
 Haunt                    Necr/Summ      0%         N/A       100%        7
 Summon Hydra             Summ           0%         N/A       100%        7
 Borgnjor's Revivificati  Necr           0%         N/A       100%        8
 Death's Door             Necr           0%         N/A       100%        9
 Cigotuvi's Dreadful Rot  Necr/Pois/Air  Unusable   N/A       N/A         2
 Sublimation of Blood     Necr           Unusable   N/A       N/A         2

Dungeon Overview and Level Annotations

Branches:
Dungeon (7/15)             Temple (1/1) D:5

Altars:
Ashenzari
Elyvilon
Fedhas
Gozag
Hepliaklqana
Kikubaaqudgha
Ru
Sif Muna
Trog
Uskayaw
Wu Jian
Yredelemnul
Zin
The Shining One

Shops:
D:3 (   D:5 *

Annotations:
D:3 exclusion: oklob plant


Innate Abilities, Weirdness & Mutations

You are immune to sickness and miasma.
Your stone body is resilient. (AC +6)
You are immune to poison.
You resist negative energy. (rN+)
You are resistant to electric shocks. (rElec)
You are resistant to unholy torment.
You are immune to petrification.


Message History

The orc priest barely misses you.
You thump the orc priest!
You kill the orc priest!
The orc hits you but does no damage.
A steam dragon comes into view.
The steam dragon hisses angrily.
You sock the orc!
You kill the orc!
The steam dragon breathes steam at you. The ball of steam hits you!!
* * * LOW HITPOINT WARNING * * *
You hit the orc but do no damage.
You are engulfed in a cloud of scalding steam.
The orc barely misses you. The steam dragon bites you.
* * * LOW HITPOINT WARNING * * *
You block the steam dragon's attack.
The orc is engulfed in a cloud of scalding steam.
The orc dies!
You hit the steam dragon but do no damage.
The steam dragon bites you but does no damage.
You block the steam dragon's attack.
You hit the steam dragon.
The steam dragon is moderately wounded.
The steam dragon bites you but does no damage.
You block the steam dragon's attack.
You hit the steam dragon but do no damage.
The steam dragon is moderately wounded.
You block the steam dragon's attack.
The steam dragon claws you but does no damage.
You hit the steam dragon but do no damage.
The steam dragon is moderately wounded.
The steam dragon bites you.
* * * LOW HITPOINT WARNING * * *
You block the steam dragon's attack.
You closely miss the steam dragon.
The steam dragon is moderately wounded.
The steam dragon breathes steam at you. The ball of steam hits you!!
You die...

##. ### .....
#.. ......
##.### .....#
.>.. ..[.#..
##.# ..#...#
#########.@# #
.....
.§§≈≈≈≈.)#D#
#..#.#.
.≈.§.§.≈)#<#
.......
.≈§≈§≈.≈.#.#
..#..
o≈§...≈≈.#..
#....(.
.≈§._.≈≈.#...
#..#.#.
.≈≈...≈§.#..##
# .....
.≈.≈§≈.≈.#..#
#.#...#
.≈.....≈.#...
. .#..


You could see a steam dragon (catching breath).

Vanquished Creatures
  A steam dragon (D:7)
  A water moccasin (D:6)
  2 black bears
  2 ogres (D:6)
  A centaur (D:6)
  3 phantoms
  6 scorpions
  A wight (D:5)
  2 orc priests
  5 hounds
  3 jellies
  5 iguanas
  6 orc wizards
  4 adders
  A shadow imp (D:6)
  A worm (D:2)
  A dart slug (D:1)
  23 orcs
  6 endoplasms
  2 giant cockroaches
  8 goblins
  11 hobgoblins
  2 quokkas
  6 ball pythons
  6 bats
  5 frilled lizards
  10 kobolds
  6 rats
130 creatures vanquished.

Vanquished Creatures (others)
  A hound (D:7)
  An orc (D:7)
2 creatures vanquished.

Grand Total: 132 creatures vanquished

Notes
Turn   | Place    | Note
-------+----------+-------------------------------------------
     0 | D:1      | AdnanSaban the Gargoyle Fighter began the quest for the
                  | Orb.
     0 | D:1      | Reached XP level 1. HP: 14/14 MP: 1/1
   133 | D:1      | Reached XP level 2. HP: 19/19 MP: 2/2
   357 | D:1      | Reached XP level 3. HP: 20/23 MP: 3/3
   604 | D:2      | Reached XP level 4. HP: 26/29 MP: 2/4
   833 | D:2      | Found a faded altar of an unknown god.
   889 | D:2      | Reached skill level 3 in Maces & Flails
  1466 | D:3      | Found Perix's Antique Weapon Boutique.
  1536 | D:3      | Reached XP level 5. HP: 27/33 MP: 5/5
  1808 | D:3      | Reached skill level 4 in Maces & Flails
  1808 | D:3      | Reached XP level 6. HP: 24/38 MP: 3/6
  1952 | D:3      | Found a blossoming altar of Fedhas.
  1967 | D:3      | Noticed an oklob plant
  2492 | D:4      | Reached skill level 1 in Dodging
  2798 | D:4      | Reached XP level 7. HP: 43/43 MP: 7/7
  3122 | D:5      | Entered Level 5 of the Dungeon
  3122 | D:5      | Found a shimmering blue altar of Sif Muna.
  3194 | D:5      | Found a staircase to the Ecumenical Temple.
  3201 | D:5      | Found Zin's Purification Station.
  3201 | D:5      | Found a glowing silver altar of Zin.
  3207 | Temple   | Entered the Ecumenical Temple
  3286 | D:5      | Reached skill level 5 in Maces & Flails
  3286 | D:5      | Reached skill level 5 in Shields
  3364 | D:5      | Reached skill level 5 in Armour
  3779 | D:6      | Reached XP level 8. HP: 37/48 MP: 4/8
  3986 | D:6      | Reached skill level 6 in Maces & Flails
  4021 | D:5      | HP: 2/48 [wight/+3 dagger of freezing (1)]
  4267 | D:6      | Found an opulent altar of Gozag.
  4276 | D:6      | Reached skill level 5 in Fighting
  4557 | D:6      | Reached XP level 9. HP: 17/54 MP: 3/9
  4732 | D:6      | Reached skill level 7 in Maces & Flails
  5186 | D:7      | Found a glowing golden altar of the Shining One.
  5231 | D:7      | Killed from afar by a steam dragon

Illustrated notes

Levels and vault maps discovered:
D:1:      sevenhm_arrival_forest_fort_small_5, layout_rooms,
          minmay_gold_behind_fungi, corexii_hall_statues_x
D:2:      layout_basic, shapermc_ecumenical_altar_mp_ritualfount, st_stairs_11
D:3:      layout_loops_ring, tgw_fedhas, serial_shops, shop
D:4:      layout_loops_cross, corexii_corridor_pit
D:5:      layout_rooms, zin_purify, lemuel_crystal_altar, temple_statues
D:6:      layout_loops_ring, mainiacjoe_overflow_chevrons, dk_noncrumbling_4,
          kennysheep_generic_room_7
D:7:      layout_loops_ring, xom_redecorated, mainiacjoe_overflow_paths,
          nicolae_overflow_crystal_walls, grunt_dithmenos_smoke_and_mirrors,
          nicolae_kite_square_tiling_tiny
Temple:   dpeg_three_leaves_temple

Skill      XL: |  1  2  3  4  5  6  7  8  9 |
---------------+----------------------------+-----
Armour         | 4 5 6 |  6.4
Maces & Flails | 3 4 5 6 7 |  7.3
Shields        | 4 5 6 |  6.9
Fighting       | 4 5 |  5.8
Dodging        | 1 2 |  2.8

Action                     |  1- 3 |  4- 6 |  7- 9 || total
---------------------------+-------+-------+-------++-------
  Melee: Flail             |    76 |   214 |   298 ||   588
 Armour: Scale mail        |    44 |   145 |   154 ||   343
         Chain mail        |       |       |    14 ||    14
  Dodge: Dodged            |    41 |    99 |   130 ||   270
  Block: Buckler           |    13 |    32 |       ||    45
         Kite shield       |       |    64 |   170 ||   234

Table legend: (Time is in decaauts)
 A = Elapsed time spent in this place.
 B = Non-inter-level travel time spent in this place.
 C = Inter-level travel time spent in this place.
 D = Time resting spent in this place.
 E = Time spent auto-exploring this place.
 F = Levels seen in this place.
 G = Mean time per level.
                   A        B        C        D        E       F      G
               +--------+--------+--------+--------+--------+-----+--------+
         Total |   5390 |   5158 |    232 |    436 |   3442 |   8 |  673.8 |
       Dungeon |   5388 |   5156 |    232 |    436 |   3442 |   7 |  769.7 |
        Temple |      1 |      1 |      0 |      0 |      0 |   1 |    1.0 |
               +--------+--------+--------+--------+--------+-----+--------+

Top non-repeatable levels by time:
     D:6: 1072 daAuts
     D:2: 975 daAuts
     D:3: 966 daAuts
     D:5: 812 daAuts
     D:4: 761 daAuts
     D:1: 523 daAuts
     D:7: 276 daAuts
  Temple: 1 daAuts
